 Dungeon Crawl Stone Soup version 0.30-a0-23-ge60ba3568b (webtiles) character file.

Game seed: 11626328038216779875

79242 greasedhog the Envoy of Void (level 15, -1/93 HPs)
             Began as a Gargoyle Abyssal Knight on Aug 24, 2022.
             Was a High Priest of Lugonu.
             Frozen to death by avis's ghost (7 damage)
             ... on level 10 of the Dungeon.
             The game lasted 00:45:32 (25899 turns).

greasedhog the Envoy of Void (GrAK)                Turns: 25899, Time: 00:45:33

Health: -1/93      AC: 31    Str: 23    XL:     15   Next: 63%
Magic:  27/27      EV: 12    Int: 15    God:    Lugonu [*****.]
Gold:   1208       SH:  3    Dex: 16    Spells: 14/14 levels left

rFire   + . .      SeeInvis .    f - +6 mace of Instant Death {drain, rF+}
rCold   . . .      Faith    .    F - +0 buckler
rNeg    + + .      Spirit   .    Q - +3 chain mail {Will+}
rPois   ∞          Reflect  .    E - +2 hat {Int+3}
rElec   +          Harm     .    u - scarf {repulsion}
rCorr   .          Rampage  .    j - +2 pair of gloves
Will    ++...                    (no boots)
Stlth   ..........               i - amulet of regeneration
HPRegen 1.05/turn                q - ring of positive energy
MPRegen 0.20/turn                C - +6 ring of dexterity

@: flying, studying Dodging, repel missiles
A: sickness immunity, AC +11, big wings, negative energy resistance 1,
electricity resistance, torment resistance 1, petrification resistance
a: Renounce Religion, Depart the Abyss, Bend Space, Banish, Corrupt, Enter the
Abyss


You were on level 10 of the Dungeon.
You worshipped Lugonu.
Lugonu was extremely pleased with you.
You visited 4 branches of the dungeon, and saw 22 of its levels.
You visited the Abyss 2 times.

You collected 1781 gold pieces.
You spent 573 gold pieces at shops.

Inventory:

Hand Weapons
 f - the +6 mace of Instant Death (weapon) {drain, rF+}
   (You bought it in a shop on level 10 of the Dungeon)

   A truly terrible weapon, it drains the life of any living foe it strikes.
   rF:        It protects you from fire.
Missiles
 H - a throwing net
Armour
 j - a +2 pair of gloves (worn)
 u - a scarf of repulsion (worn)
 E - a +2 hat of intelligence (worn)
 F - a +0 buckler (worn)
 P - a +3 scale mail of fire resistance
 Q - a +3 chain mail of willpower (worn)
Jewellery
 i - an amulet of regeneration (around neck)
 l - a ring of ice
 q - a ring of positive energy (left hand)
 C - a +6 ring of dexterity (right hand)
Wands
 c - a wand of polymorph (3)
 y - a wand of flame (41)
 D - a wand of paralysis (16)
 G - a wand of iceblast (21)
 K - a wand of acid (15)
Scrolls
 a - 2 scrolls of identify
 d - 13 scrolls of teleportation
 g - 2 scrolls of blinking
 o - 10 scrolls of fear
 p - 6 scrolls of magic mapping
 s - 3 scrolls of enchant weapon
 v - 5 scrolls of amnesia
 w - 2 scrolls of brand weapon
 A - 4 scrolls of poison
 J - 5 scrolls of butterflies
 N - a scroll of summoning
 R - 3 scrolls of enchant armour
Potions
 b - 5 potions of brilliance
 e - 3 potions of cancellation
 h - 2 potions of magic {unknown}
 k - 5 potions of curing
 m - 4 potions of haste {unknown}
 n - 3 potions of mutation {unknown}
 r - a potion of resistance {unknown}
 t - 5 potions of lignification
 x - a potion of might
 z - 4 potions of ambrosia
 B - a potion of berserk rage {unknown}
 L - a potion of attraction {unknown}
 M - a potion of invisibility {unknown}
Miscellaneous
 O - a condenser vane


   Skills:
 - Level 10.5 Fighting
 - Level 12.0 Maces & Flails
 - Level 10.0 Armour
 - Level 10.0 Dodging
 * Level 17.8 Invocations
 * Level 8.5 Evocations


You had 14 spell levels left.
You didn't know any spells.
Your spell library contained the following spells:

 Spells                   Type           Power      Damage    Failure   Level
 Necrotise                Necr           0%         1d4       91%         1
 Slow                     Hex            0%         N/A       91%         1
 Summon Small Mammal      Summ           0%         N/A       91%         1
 Call Canine Familiar     Summ           0%         N/A       99%         3
 Confusing Touch          Hex            0%         N/A       99%         3
 Frozen Ramparts          Ice            0%         1d1       99%         3
 Ozocubu's Armour         Ice            0%         N/A       99%         3
 Summon Guardian Golem    Hex/Summ       0%         N/A       99%         3
 Vampiric Draining        Necr           0%         2d6       99%         3
 Ice Form                 Ice/Tmut       0%         N/A       100%        4
 Summon Ice Beast         Ice/Summ       0%         N/A       100%        4
 Agony                    Necr           0%         N/A       100%        5
 Metabolic Englaciation   Hex/Ice        0%         N/A       100%        5
 Simulacrum               Ice/Necr       0%         N/A       100%        6


Dungeon Overview and Level Annotations

Branches:
Dungeon (14/15)            Temple (1/1) D:4            Lair (5/5) D:11
 Shoals (0/4) Lair:3       Spider (0/4) Lair:3        Slime (0/5) Lair:4
    Orc (2/2) D:9             Elf (0/3) Orc:2        Vaults (0/5) D:13

Altars:
Cheibriados
Dithmenos
Fedhas
Kikubaaqudgha
Nemelex Xobeh
Okawaru
Qazlal
Sif Muna
Trog
Xom
Yredelemnul
Zin
The Shining One
Jiyva

Shops:
D:10 **(=   Orc:2 [(=*

Annotations:
D:10 avis's ghost, novice DgIE
Abyss:1 Jorgrun


Innate Abilities, Weirdness & Mutations

You are immune to sickness and miasma.
Your stone body is resilient. (AC +11)
You are immune to poison.
Your large and strong wings let you fly.
You resist negative energy. (rN+)
You are resistant to electric shocks. (rElec)
You are resistant to unholy torment.
You are immune to petrification.


Message History

Avis's ghost hits you but does no damage.
You hit avis's ghost but do no damage.
Avis's ghost is moderately damaged.
You miss avis's ghost.
Avis's ghost is moderately damaged.
Avis's ghost freezes you.
You are frozen!
You completely miss avis's ghost.
Avis's ghost is moderately damaged.
Avis's ghost misses you.
You hit avis's ghost but do no damage.
Avis's ghost is moderately damaged.
Avis's ghost hits you.
You hit avis's ghost but do no damage.
Avis's ghost is moderately damaged.
Avis's ghost freezes you.
You are frozen!
You barely miss avis's ghost.
Avis's ghost is moderately damaged.
You block avis's ghost's attack.
You hit avis's ghost but do no damage.
Avis's ghost is moderately damaged.
Avis's ghost hits you but does no damage.
You miss avis's ghost.
Avis's ghost is moderately damaged.
Avis's ghost freezes you.
You are frozen!
* * * LOW HITPOINT WARNING * * *
You hit avis's ghost but do no damage.
Avis's ghost is moderately damaged.
You hit avis's ghost but do no damage.
Avis's ghost is moderately damaged.
Avis's ghost freezes you.
You are frozen!!
* * * LOW HITPOINT WARNING * * *
You hit avis's ghost but do no damage.
Avis's ghost is moderately damaged.
Avis's ghost freezes you.
You are frozen!
You die...

#............########
#.########..........#
#####.# #.#.######.#
.....>########.#.# #.#
#######.....<..#.# #.#
#.########.# #.# #.#
####.## #.# #.# #..#..##
#.# #.# #8?W@..#
#.######### #.#
#.$#...####..........
#####.#
####........#########
#.....##### #.............#
#
#.#####...###.####....###.#
# #.#
#...............###.#####
#.#
#...###.####..)....<.....
#.# ##.## #.#
##............ #.#
####.####.## ####>###..###.


You could see avis's ghost.

Vanquished Creatures
  Gastronok (D:8)
  An orc warlord (D:9)
  Nessos (D:13)
  Snorg (Lair:4)
  3 hydras
  Erolcha (D:13)
  Fannar (Lair:2)
  A boulder beetle (Lair:4)
  3 two-headed ogres
  13 death yaks
  A merfolk avatar (Lair:5)
  A centaur warrior (D:10)
  An orc high priest (Orc:2)
  Urug (D:13)
  A tengu warrior (D:13)
  Nergalle (Orc:2)
  A skeletal warrior (D:12)
  A sea snake (Lair:5)
  A deep troll (shapeshifter) (D:13)
  A deep elf pyromancer (D:13)
  A harpy (Lair:5)
  2 orc knights
  4 ugly things (D:13)
  4 cyclopes
  A manticore (D:13)
  3 orc sorcerers
  2 elephants (Lair:5)
  6 black mambas
  2 gargoyles
  10 cane toads
  8 rime drakes
  A kobold demonologist (D:13)
  17 komodo dragons
  8 trolls
  A queen bee (D:11)
  Grinder (D:5)
  A wind drake (Lair:5)
  2 hornets
  2 polar bears
  2 snapping turtles
  A slime creature (D:12)
  19 blink frogs
  Sigmund (D:3)
  A wraith (D:11)
  5 wyverns
  A yak (shapeshifter) (D:13)
  The ghost of drpainis the Sneak, an amateur SpEn of Dithmenos (D:5)
  32 yaks
  16 humans (D:13)
  Eustachio (D:4)
  Grum (D:9)
  7 vampire mosquitoes
  5 basilisks
  Edmund (D:5)
  4 wargs
  An acid dragon (D:13)
  Duvessa (D:6)
  12 water moccasins
  28 orc warriors
  An ice beast (D:7)
  5 boggarts (D:12)
  30 wolves
  3 ogres
  4 centaurs
  6 phantoms
  Blork the orc (D:5)
  A kobold brigand (D:9)
  13 bullfrogs
  4 scorpions
  4 wights (D:5)
  Dowan (D:6)
  10 killer bees
  A jelly (D:7)
  5 howler monkeys
  3 quasits (D:5)
  4 hounds
  2 gnoll boudas
  27 orc priests
  Crazy Yiuf (D:5)
  2 iguanas
  30 orc wizards
  6 hell rats
  9 gnolls
  5 adders (D:3)
  4 shadow imps (D:4)
  4 white imps
  5 ufetubi
  77 orcs
  4 ball pythons
  7 endoplasms
  2 giant cockroaches (D:4)
  9 goblins
  2 hobgoblins
  12 jackals
  8 quokkas
  5 bats
  3 frilled lizards
  11 kobolds
  4 rats
587 creatures vanquished.

Vanquished Creatures (collateral kills)
  An ogre (D:4)
  4 orcs (D:4)
  2 jackals (D:4)
  A quokka (D:4)
8 creatures vanquished.

Vanquished Creatures (others)
  An orc priest (Orc:1)
  An orc (Orc:1)
  43 bushes (D:13)
  23 fungi
  41 plants
  13 withered plants
122 creatures vanquished.

Grand Total: 717 creatures vanquished

Notes
Turn   | Place    | Note
-------+----------+-------------------------------------------
     0 | Abyss:1  | greasedhog the Gargoyle Abyssal Knight began the quest for
                  | the Orb.
     0 | Abyss:1  | Reached XP level 1. HP: 14/14 MP: 2/2
     1 | D:1      | Escaped the Abyss
   398 | D:1      | Reached XP level 2. HP: 13/19 MP: 3/3
   666 | D:1      | Reached XP level 3. HP: 21/24 MP: 4/4
  1301 | D:2      | Found a faded altar of an unknown god.
  1375 | D:2      | Reached *** piety under Lugonu
  1568 | D:2      | Reached XP level 4. HP: 6/30 MP: 5/5
  2533 | D:3      | Reached XP level 5. HP: 8/34 MP: 6/6
  2536 | D:3      | Reached XP level 6. HP: 27/40 MP: 7/7
  2764 | D:3      | Noticed Sigmund
  2775 | D:3      | Killed Sigmund
  2776 | D:3      | Reached skill level 5 in Fighting
  2902 | D:3      | Reached XP level 7. HP: 44/44 MP: 8/8
  3294 | D:3      | Reached skill level 3 in Invocations
  3593 | D:4      | Found a staircase to the Ecumenical Temple.
  3603 | Temple   | Entered the Ecumenical Temple
  3615 | D:4      | Reached XP level 8. HP: 46/49 MP: 10/10
  3774 | D:4      | Reached **** piety under Lugonu
  3775 | D:4      | Reached skill level 4 in Invocations
  3875 | D:4      | Found a shimmering blue altar of Sif Muna.
  3948 | D:4      | Found a snail-covered altar of Cheibriados.
  3971 | D:4      | Found an ancient bone altar of Kikubaaqudgha.
  3973 | D:4      | Found a blossoming altar of Fedhas.
  3973 | D:4      | Found a shimmering altar of Xom.
  4183 | D:4      | Noticed Eustachio
  4189 | D:4      | Killed Eustachio
  4360 | D:5      | Entered Level 5 of the Dungeon
  4360 | D:5      | Noticed Blork the orc
  4364 | D:5      | Killed Blork the orc
  4375 | D:5      | Reached skill level 5 in Armour
  4375 | D:5      | Reached skill level 5 in Invocations
  4500 | D:5      | Reached skill level 1 in Dodging
  4612 | D:5      | Found a transporter.
  4612 | D:5      | Noticed drpainis's ghost (amateur SpEn)
  4657 | D:5      | Found a transporter.
  4727 | D:5      | Noticed Grinder
  4727 | D:5      | Paralysed by Grinder for 3 turns
  4728 | D:5      | Noticed Edmund
  4739 | D:5      | Killed Grinder
  4740 | D:5      | Reached XP level 9. HP: 54/54 MP: 13/13
  4747 | D:5      | Killed Edmund
  4826 | D:5      | Reached skill level 6 in Invocations
  4960 | D:5      | Reached XP level 10. HP: 28/59 MP: 14/14
  5285 | D:5      | Found a runed translucent door.
  5286 | D:5      | Noticed Crazy Yiuf
  5290 | D:5      | Killed Crazy Yiuf
  5537 | D:5      | Killed drpainis's ghost
  5679 | D:6      | Noticed Duvessa
  5679 | D:6      | Noticed Dowan
  5688 | D:6      | Killed Duvessa
  5697 | D:6      | Killed Dowan
  6609 | D:7      | Reached skill level 7 in Invocations
  6657 | D:7      | Found a glowing golden altar of the Shining One.
  6839 | D:7      | Found a shadowy altar of Dithmenos.
  7109 | D:8      | Noticed Gastronok
  7131 | D:8      | Killed Gastronok
  7132 | D:8      | Reached XP level 11. HP: 28/64 MP: 16/16
  7616 | D:8      | Reached skill level 8 in Invocations
  8370 | D:9      | Found a staircase to the Orcish Mines.
  8377 | D:9      | Noticed Grum
  8832 | D:9      | Killed Grum
  9178 | D:9      | Reached ***** piety under Lugonu
  9193 | D:9      | Reached skill level 9 in Invocations
  9487 | D:9      | Reached skill level 10 in Dodging
 10572 | D:10     | Entered Level 10 of the Dungeon
 10583 | D:10     | Found Xamew's Jewellery Shoppe.
 10595 | D:10     | Found Zuaxess's Antique Weapon Shoppe.
 10599 | D:10     | Found Ysaelax's Assorted Antiques.
 10604 | D:10     | Found Zicamao's Assorted Antiques.
 10606 | D:10     | Bought a blackened mace for 272 gold pieces
 10606 | D:10     | Identified the +6 mace of Instant Death {drain, rF+} (You
                  | bought it in a shop on level 10 of the Dungeon)
 10616 | D:10     | Bought a scroll of identify for 46 gold pieces
 10616 | D:10     | Bought a scroll labelled GAFAZO PACWIR for 23 gold pieces
 10629 | D:10     | Reached skill level 1 in Evocations
 10736 | D:10     | Noticed a centaur warrior
 10740 | D:10     | Found an iron altar of Okawaru.
 10752 | D:10     | Killed a centaur warrior
 11143 | D:10     | Found a runed translucent door.
 11143 | D:10     | Noticed avis's ghost (novice DgIE)
 11745 | D:11     | Noticed a cyclops
 11761 | D:11     | Killed a cyclops
 12059 | D:11     | Noticed a two-headed ogre
 12061 | D:11     | Banished a two-headed ogre
 12120 | D:11     | Noticed a cyclops
 12124 | D:11     | Reached skill level 10 in Invocations
 12141 | D:11     | Killed a cyclops
 12419 | D:11     | Reached XP level 12. HP: 61/68 MP: 19/19
 12473 | D:11     | Found a staircase to the Lair.
 13292 | Lair:1   | Entered Level 1 of the Lair of Beasts
 13725 | Lair:1   | Found a glowing silver altar of Zin.
 13737 | Lair:1   | Reached skill level 11 in Invocations
 13737 | Lair:1   | Reached skill level 5 in Evocations
 13962 | Lair:1   | Identified the +7 short sword "Tiac" {pain, Fragile rC+
                  | Str+3}
 14279 | Lair:1   | Noticed a six-headed hydra
 14286 | Lair:1   | Banished a six-headed hydra
 14803 | Lair:2   | Noticed Fannar
 14855 | Lair:2   | Killed Fannar
 15110 | Lair:2   | Reached skill level 12 in Invocations
 15652 | Lair:2   | Reached XP level 13. HP: 57/78 MP: 22/22
 16304 | Lair:3   | Reached skill level 13 in Invocations
 16706 | Lair:3   | Found a hole to the Spider Nest.
 16793 | Lair:3   | Found a staircase to the Shoals.
 17061 | Lair:4   | Noticed Snorg
 17079 | Lair:4   | Killed Snorg
 17164 | Lair:4   | Found a viscous altar of Jiyva.
 17168 | Lair:4   | Found a staircase to the Slime Pits.
 17371 | Lair:4   | Reached skill level 10 in Fighting
 17408 | Lair:4   | Reached skill level 14 in Invocations
 17765 | Lair:5   | Entered Level 5 of the Lair of Beasts
 18446 | Lair:5   | Gained mutation: Your large and strong wings let you fly.
                  | [Gargoyle growth]
 18446 | Lair:5   | Reached XP level 14. HP: 78/88 MP: 23/25
 18622 | Lair:5   | Reached skill level 15 in Invocations
 19927 | Orc:1    | Entered Level 1 of the Orcish Mines
 19944 | D:9      | Reached skill level 16 in Invocations
 19996 | D:9      | Reached ****** piety under Lugonu
 20842 | D:9      | Reached skill level 10 in Armour
 21067 | Orc:2    | Entered Level 2 of the Orcish Mines
 21465 | Orc:2    | Noticed an orc warlord
 21536 | D:9      | Killed an orc warlord
 22049 | Orc:2    | Noticed Nergalle
 22088 | Orc:2    | Killed Nergalle
 22164 | Orc:2    | Reached XP level 15. HP: 50/93 MP: 22/27
 22231 | Orc:2    | Found a staircase to the Elven Halls.
 22288 | Orc:2    | Found Fetegi's Antique Armour Shoppe.
 22310 | Orc:2    | Found Ludwibo's Jewellery Shoppe.
 22326 | Orc:2    | Found Kiywn's General Store.
 22333 | Orc:2    | Bought a potion of curing for 48 gold pieces
 22333 | Orc:2    | Bought a potion of might for 64 gold pieces
 22333 | Orc:2    | Bought a scroll of blinking for 120 gold pieces
 22365 | Orc:2    | Found Heas's Antique Weapon Shoppe.
 23399 | D:12     | Noticed Erolcha
 23589 | D:12     | Reached skill level 17 in Invocations
 24106 | D:13     | Noticed Nessos
 24106 | D:13     | Noticed Urug
 24106 | D:13     | Found a gate to the Vaults.
 24852 | D:13     | Killed Urug
 25015 | D:13     | Noticed Jorgrun
 25029 | D:13     | Upgraded the game from 0.30-a0-12-gd8047c6341 to
                  | 0.30-a0-23-ge60ba3568b
 25051 | D:13     | Banished Jorgrun
 25057 | Abyss:2  | Cast into level 2 of the Abyss (Erolcha)
 25058 | D:13     | Escaped the Abyss
 25076 | D:13     | Killed Erolcha
 25164 | D:13     | Identified a scroll of acquirement
 25172 | D:13     | Acquired a manual of Dodging
 25253 | D:13     | Killed Nessos
 25899 | D:10     | Frozen to death by avis's ghost

Illustrated notes

Levels and vault maps discovered:
D:1:      tarquinn_simple_flora_water_f, layout_rooms
D:2:      layout_loops_ring, shapermc_ecumenical_altar_flowoftime
D:3:      minmay_chambers_of_threes, layout_basic, minmay_pentangle,
          uniq_sigmund
D:4:      layout_rooms, lemuel_round_altar, grunt_temple_overflow_open,
          lemuel_round_altar, minmay_temple_entry_sparse_star, serial_demonic,
          serial_demonic_e, serial_demonic_g, serial_demonic_d,
          serial_demonic_d, grunt_ministairs_9, uniq_eustachio
D:5:      layout_loops_ring, gammafunk_ghost_stat_death, uniq_blork_the_orc,
          uniq_grinder, uniq_crazy_yiuf_cottage, uniq_edmund
D:6:      layout_loops_cross, uniq_duvessa
D:7:      layout_gridville, nicolae_tso_swordbearing_angel,
          grunt_dithmenos_shadows
D:8:      layout_basic, uniq_gastronok
D:9:      layout_layer_cave, minmay_orc_entry_temple_small, item_on_display_a,
          uniq_grum
D:10:     layout_loops_ring, mainiacjoe_overflow_small_starburst,
          gammafunk_ghost_grave, minmay_shop_grid_forest
D:11:     layout_cave_pools, dpeg_oklobed_lair
D:12:     layout_stronghold, onia_ninara_dug_in_and_dangerous, uniq_erolcha
D:13:     layout_cave_pods, david_vaults_3, grunt_ogre_cave, minmay_hedge_maze,
          uniq_jorgrun, uniq_urug
D:14:     layout_cave_pools, serial_undead, serial_undead_b, serial_undead_a,
          serial_undead_f, serial_undead_a, serial_undead_e, serial_undead_e,
          gammafunk_ghost_wrathful_warriors, wad_floor_pattern_untrapped,
          nicolae_splish_splash
Temple:   zaba_magenta_temple
Lair:1:   layout_loops_ring, basic_altar, grunt_megastairs_3
Lair:2:   layout_hall_layers, uniq_fannar
Lair:3:   layout_gridlike, minmay_shoals_entry_hut, spider_nest_entry_web_field,
          serial_bayou_pond_b, wad_woods_road_03
Lair:4:   layout_roguey, slime_entry_1, lemuel_fruit_tree, grunt_megastairs_2,
          uniq_snorg
Lair:5:   gammafunk_lair_ancient_temple, layout_big_grid,
          nicolae_quartered_pool_impasse, serial_bayou_shore_b
Orc:1:    layout_diamond_mine, lightli_orcish_oven
Orc:2:    grunt_orc_cross, layout_caves, minmay_orc_keep

Skill      XL: |  1  2  3  4  5  6  7  8  9 10 11 12 13 14 15 |
---------------+----------------------------------------------+-----
Fighting       | 4 5 8 10 | 10.5
Maces & Flails | 3 11 12 | 12.0
Armour         | 3 5 6 10 | 10.0
Invocations    | 3 5 6 7 10 12 14 16 17 | 17.8
Dodging        | 1 8 9 10 | 10.0
Evocations     | 3 5 6 8 |  8.5

Action                   |  1- 3 |  4- 6 |  7- 9 | 10-12 | 13-15 || total
-------------------------+-------+-------+-------+-------+-------++-------
Melee: Mace              |    85 |    88 |   221 |   808 |  1846 ||  3048
       Punch             |     1 |       |     1 |     2 |       ||     4
Invok: Banish            |       |       |     2 |    13 |    14 ||    29
       Depart the Abyss  |       |       |       |       |     1 ||     1
Evoke: Wand              |       |       |       |     7 |    18 ||    25
  Use: Scroll            |     4 |     2 |     7 |     8 |     7 ||    28
       Potion            |       |     3 |     3 |     2 |     3 ||    11
 Stab: Distracted        |       |       |     1 |       |       ||     1
       Paralysed         |       |       |       |       |     3 ||     3
Armor: Leather armour    |     7 |       |       |       |       ||     7
       Chain mail        |    69 |    84 |   125 |   155 |   211 ||   644
       Plate armour      |       |       |       |   478 |   502 ||   980
       Scale mail        |       |       |       |       |   472 ||   472
Dodge: Dodged            |    43 |    42 |    80 |   371 |  1219 ||  1755
       Repelled          |       |       |       |     4 |    14 ||    18
Block: Buckler           |       |       |       |   113 |   315 ||   428

Table legend: (Time is in decaauts)
 A = Elapsed time spent in this place.
 B = Non-inter-level travel time spent in this place.
 C = Inter-level travel time spent in this place.
 D = Time resting spent in this place.
 E = Time spent auto-exploring this place.
 F = Levels seen in this place.
 G = Mean time per level.
                   A        B        C        D        E       F      G
               +--------+--------+--------+--------+--------+-----+--------+
         Total |  25543 |  24314 |   1229 |   4656 |  14641 |  24 | 1064.3 |
       Dungeon |  17145 |  16254 |    891 |   3210 |  10305 |  14 | 1224.6 |
        Temple |      1 |      1 |      0 |      0 |      0 |   1 |    1.0 |
          Lair |   6418 |   6152 |    266 |   1023 |   3462 |   5 | 1283.6 |
  Orcish Mines |   1975 |   1905 |     70 |    422 |    874 |   2 |  987.5 |
         Abyss |      1 |      1 |      0 |      0 |      0 |   2 |    0.5 |
               +--------+--------+--------+--------+--------+-----+--------+

Top non-repeatable levels by time:
     D:9: 2504 daAuts
     D:8: 1682 daAuts
  Lair:1: 1654 daAuts
    D:11: 1587 daAuts
    D:13: 1533 daAuts
    D:12: 1502 daAuts
  Lair:4: 1393 daAuts
  Lair:5: 1330 daAuts
     D:2: 1260 daAuts
    D:10: 1257 daAuts
     D:5: 1190 daAuts
   Orc:2: 1185 daAuts
     D:4: 1089 daAuts
  Lair:2: 1060 daAuts
     D:3: 1015 daAuts
